 Dungeon Crawl Stone Soup version 0.30.1-9-gdf580d7c3d (webtiles) character file.

Game seed: 3345432250713655336

82 lonewolfV2 the Shield-Bearer (level 4, -3/35 HPs)
             Began as a Demonspawn Fighter on Oct 25, 2023.
             Slain by Crazy Yiuf
             ... wielding a +3 quarterstaff of chaos
              (17 damage)
             ... on level 2 of the Dungeon.
             The game lasted 00:01:56 (1805 turns).

lonewolfV2 the Shield-Bearer (Demonspawn Fighter)   Turns: 1805, Time: 00:01:56

Health: -3/35      AC: 10    Str: 18    XL:     4   Next: 21%
Magic:  4/4        EV: 10    Int: 10    God:
Gold:   140        SH:  4    Dex: 12    Spells: 3/3 levels left

rFire   . . .        a - +0 war axe
rCold   . . .        c - +0 buckler
rNeg    . . .        b - +0 scale mail
rPois   .            (helmet restricted)
rElec   .            (no cloak)
rCorr   .            k - +0 pair of gloves
SInv    .            (no boots)
Will    .....        (no amulet) Stlth
                     l - +4 ring of slaying
HPRegen 0.25/turn    (no ring)
MPRegen 0.09/turn

%: no passive effects
@: no status effects
A: antennae 1, icy blue scales 1, foul stench 1
a: no special abilities


You were on level 2 of the Dungeon.
You visited 1 branch of the dungeon, and saw 2 of its levels.

You collected 140 gold pieces.

Inventory:

Hand Weapons
 a - a +0 war axe (weapon)
Armour
 b - a +0 scale mail (worn)
 c - a +0 buckler (worn)
 k - a +0 pair of gloves (worn)
Jewellery
 l - a +4 ring of slaying (left hand)
Scrolls
 i - a scroll of blinking {unknown}
 j - a scroll of teleportation {unknown}
Potions
 d - 2 potions of might
 e - 2 potions of curing {unknown}
 f - a potion of invisibility
 g - a potion of attraction
 h - a potion of brilliance


   Skills:
 - Level 3.0 Fighting
 - Level 1.7 Axes
 + Level 3.2 Armour
 * Level 2.4 Dodging
 + Level 3.2 Shields


You had 3 spell levels left.
You didn't know any spells.
Your spell library contained the following spells:

 Spells                   Type           Power      Damage    Failure   Level
 Apportation              Tloc           0%         N/A       83%         1
 Necrotise                Necr           0%         1d4       83%         1
 Summon Small Mammal      Summ           0%         N/A       83%         1


Dungeon Overview and Level Annotations

Branches:
Dungeon (2/15)

Altars:

Annotations:
D:2 Crazy Yiuf


Innate Abilities, Weirdness & Mutations

You have a pair of small antennae on your head.
You are partially covered in icy blue scales. (AC +2)
You may rarely emit foul miasma when damaged in melee.


Message History

You hit the dart slug but do no damage.
The dart slug is almost dead.
You block the dart slug's attack.
You slash the dart slug!
You kill the dart slug!
You see here a dart slug corpse.
l - a +4 ring of slaying
l - a +4 ring of slaying (left hand)
There is an open door here.
Found a hammer.
Found a runed translucent door.
Found a stone staircase leading up.
You see here 7 stones.
You sense a monster nearby.
An adder comes into view.
The adder hisses angrily.
You block the adder's attack.
An adder is nearby!
You block the adder's attack.
You closely miss the adder. You block the adder's attack.
The adder barely misses you.
You closely miss the adder. The adder barely misses you. The adder bites you.
You slash the adder!
You kill the adder!
You see here an adder corpse.
You see here a scroll of noise.
You see here 7 stones.
Crazy Yiuf shouts!
Crazy Yiuf laughs, "Snurf!
Gnoll infinity bag."
Could not explore, unopened runed door.
Could not explore, unopened runed door.
Could not explore, unopened runed door.
You open the door. You barely miss Crazy Yiuf.
Crazy Yiuf hits you with a +3 quarterstaff of chaos!
Crazy Yiuf freezes you.
Crazy Yiuf drinks a potion.
Crazy Yiuf suddenly seems more resistant.
You barely miss Crazy Yiuf.
Crazy Yiuf hits you with a +3 quarterstaff of chaos!
You are electrocuted!
You die...

##⌠.>.⌠##.#
#....#..###.#.#.#.
###...###.#
#....#<.....#.#.#.
#.######..#
#....#.#.####.#.#.
'........## ##########
#.#.#. #....###.#
#.#.## #....# #.#
######## #.#.# #....#
### ###
###.#....###.#.##
#....#####
#...##..#......##.#...
.........#
#...g@####............
#....##### #)..###
##....##.#### ######
### #######'#### #
###...... # #........
# ### #####....... #
##.###.# #...####
#......# #...#
#..##### #...#


You could see Crazy Yiuf (resistant).

Vanquished Creatures
  Robin (D:2)
  2 adders (D:2)
  2 worms (D:2)
  A dart slug (D:2)
  3 ball pythons
  5 bats
  2 endoplasms (D:2)
  8 goblins
  6 hobgoblins
  4 jackals (D:2)
  2 quokkas
  A frilled lizard (D:1)
  2 kobolds (D:1)
  3 rats
42 creatures vanquished.

Notes
Turn   | Place    | Note
-------+----------+-------------------------------------------
     0 | D:1      | lonewolfV2 the Demonspawn Fighter began the quest for the
                  | Orb.
     0 | D:1      | Reached XP level 1. HP: 18/18 MP: 1/1
   304 | D:1      | Reached skill level 1 in Dodging
   304 | D:1      | Gained mutation: You may rarely emit foul miasma when
                  | damaged in melee. [demonic ancestry]
   304 | D:1      | Reached XP level 2. HP: 24/24 MP: 2/2
   810 | D:2      | Noticed Robin
   822 | D:2      | Killed Robin
   823 | D:2      | Gained mutation: You have a pair of small antennae on your
                  | head. [demonic ancestry]
   823 | D:2      | Reached XP level 3. HP: 14/29 MP: 3/3
  1360 | D:2      | Gained mutation: You are partially covered in icy blue
                  | scales. (AC +2) [demonic ancestry]
  1360 | D:2      | Reached XP level 4. HP: 33/35 MP: 4/4
  1542 | D:2      | Found a runed translucent door.
  1543 | D:2      | Noticed Crazy Yiuf
  1805 | D:2      | Slain by Crazy Yiuf

Illustrated notes

Levels and vault maps discovered:
D:1:      sevenhm_arrival_forest_fort_small_6, layout_basic, minmay_tetromino_o4
D:2:      layout_basic, grunt_ministairs_7, minmay_misc_feat_secret_circle,
          uniq_crazy_yiuf_cottage, uniq_robin

Skill      XL: |  1  2  3 |
---------------+----------+-----
Dodging        | 1 2 |  2.4
Shields        | 3 |  3.2
Armour         | 3 |  3.2
Fighting       | |  3.0
Axes           | |  1.7

Action                     |  1- 3 |  4- 6 || total
---------------------------+-------+-------++-------
  Melee: War axe           |    81 |    11 ||    92
    Use: Scroll            |     4 |       ||     4
 Armour: Scale mail        |    44 |     1 ||    45
  Dodge: Dodged            |    64 |     5 ||    69
  Block: Buckler           |    24 |     6 ||    30
